 Dungeon Crawl Stone Soup version 0.20-a0-738-gb057e68 (webtiles) character file.

123 esteth the Ruffian (level 4, 0/37 HPs)
             Began as a Draconian Transmuter on Feb 23, 2017.
             Succumbed to an orc wizard's poison
             ... on level 3 of the Dungeon.
             The game lasted 00:05:38 (2813 turns).

esteth the Ruffian (Draconian Transmuter)           Turns: 2813, Time: 00:05:39

Health: 0/37       AC:  7    Str: 11 (12) XL:     4   Next: 80%
Magic:  7/7        EV: 12    Int: 14 (15) God:
Gold:   97         SH:  0    Dex: 10 (11) Spells: 4/7 levels left

rFire    . . .     SeeInvis .     - Unarmed
rCold    . . .     Gourm    .   (armour unavailable)
rNeg     . . .     Faith    .   (no shield)
rPois    .         Spirit   .   (helmet restricted)
rElec    .         Reflect  .   (no cloak)
rCorr    .         Harm     .   k - +0 pair of gloves
MR       .....                  h - +0 pair of boots (curse)
Stlth    +.........             i - amulet of magic regeneration
Regen    0.2/turn               (no ring)
MPRegen  0.2/turn               (no ring)

@: lethally poisoned (0 -> -48)
A: unfitting armour, cold-blooded, AC +5
a: no special abilities


You were on level 3 of the Dungeon.
You were not hungry.

You visited 1 branch of the dungeon, and saw 3 of its levels.

You collected 97 gold pieces.

Inventory:

Missiles
 a - 12 arrows (quivered)
Armour
 h - a cursed +0 pair of boots (worn)
 k - a +0 pair of gloves (worn)
Jewellery
 i - an amulet of magic regeneration (around neck)
 l - a +5 ring of intelligence {unknown}
Scrolls
 d - a scroll of identify
 j - a scroll of magic mapping {unknown}
Books
 b - a book of Changes

   Spells                             Type                      Level
   a - Beastly Appendage              Transmutation                1
   b - Sticks to Snakes               Transmutation                2
   c - Spider Form                    Transmutation/Poison         3
   d - Ice Form                       Ice/Transmutation            4
   e - Blade Hands                    Transmutation                5
Comestibles
 c - 5 bread rations
 f - a meat ration
 g - 5 chunks of flesh


   Skills:
 * Level 2.5 Fighting
 - Level 1.7 Dodging
 + Level 4.4 Unarmed Combat
 - Level 2.0 Spellcasting
 - Level 3.1 Transmutations


You had 4 spell levels left.
You knew the following spells:

 Your Spells              Type           Power        Failure   Level  Hunger
a - Beastly Appendage     Tmut           ##....       10%         1    ##.....
b - Sticks to Snakes      Tmut           ##......     12%         2    ###....


Dungeon Overview and Level Annotations

Branches:
Dungeon (3/15)

Altars:

Annotations:
D:3 exclusion: hungry ghost


Innate Abilities, Weirdness & Mutations

Your plain brown scales are hard. (AC +5)
You cannot fit into any form of body armour.
You are cold-blooded and may be slowed by cold attacks.


Message History

You are more poisoned.
You hit the orc wizard.
Your tail-slap misses the orc wizard.
The orc wizard is almost dead.
You feel very sick.
The orc wizard hits you with a dagger of venom.
You are more poisoned.
You punch the orc wizard!
You kill the orc wizard!
You feel your intelligence returning.
* * * LOW HITPOINT WARNING * * *
You feel very sick.
* * * LOW HITPOINT WARNING * * *
You feel very sick.
Things that are here:
a dagger of venom; a robe; an orc corpse You aren't carrying any potions.
As you read the scroll labeled AMEHYM KYOWNI, it crumbles to dust.
It is a scroll of enchant weapon.
The dagger of venom glows red for a moment.
You die...

o............(.......##.
........####........#..#.
........###########.##.#.
...........# #.##.##
..........o##### #...)..
...............####.##)##
.......#######.....###.##
.......#######)..........
........@)...............
.......#######.#.####....
....... ###.#.####.#..
....... #.......##.##.
....... #.......##.##.
....... #.......##.###
....... #..........# #
....... #.......######
#.............


There were no monsters in sight!

Vanquished Creatures
  An orc wizard (D:3)
  2 adders (D:2)
  A worm (D:2)
  2 leopard geckos
  4 orcs (D:3)
  7 bats
  A giant cockroach (D:3)
  15 goblins
  3 hobgoblins
  9 kobolds
  2 quokkas (D:2)
  A ball python (D:1)
  5 frilled lizards
  13 rats
66 creatures vanquished.

Notes
Turn   | Place    | Note
-------+----------+-------------------------------------------
     0 | D:1      | esteth the Draconian Transmuter began the quest for the Orb.
     0 | D:1      | Reached XP level 1. HP: 16/16 MP: 3/3
   168 | D:1      | Reached XP level 2. HP: 20/23 MP: 5/5
   380 | D:1      | Learned a level 2 spell: Sticks to Snakes
   455 | D:1      | Reached skill level 4 in Unarmed Combat
   798 | D:2      | HP: 1/23 [worm (6)]
  1061 | D:2      | Reached XP level 3. HP: 8/28 MP: 6/6
  1510 | D:2      | Found a faded altar of an unknown god.
  2187 | D:2      | Reached XP level 4. HP: 16/35 MP: 7/7
  2589 | D:3      | Noticed a hungry ghost
  2813 | D:3      | Succumbed to an orc wizard's poison

Vault maps used:
D:1:      onia_arrival_handbag
D:2:      first_bread, chequers_ecumenical_altar_island
D:3:      marbit_many_paths

Skill      XL: |  1  2  3  4 |
---------------+-------------+-----
Unarmed Combat | 4 |  4.4
Transmutations | 3 |  3.1
Fighting       | 2 |  2.5
Dodging        | |  1.7
Spellcasting   | |  2.0

Action                   |  1- 3 |  4- 6 || total
-------------------------+-------+-------++-------
Melee: Unarmed           |   172 |    53 ||   225
       Tailslap          |    17 |     3 ||    20
       Punch             |     5 |       ||     5
  Use: Scroll            |     5 |     1 ||     6
       Potion            |     3 |       ||     3
 Stab: Sleeping          |     1 |       ||     1
  Eat: Chunk             |     4 |     2 ||     6
Armor: Skin              |    41 |    18 ||    59
Dodge: Dodged            |    95 |    33 ||   128
